 Dungeon Crawl Stone Soup version 0.25-a0-362-g90ccd6aac3 (console) character file.

Game seed: 12715811149297109021, levelgen mode: deterministic

67 Kagalorn the Sneak (level 4, -8/38 HPs)
             Began as a Naga Arcane Marksman on Jan 4, 2020.
             Mangled by a worm (10 damage)
             ... on level 2 of the Dungeon.
             The game lasted 00:06:18 (2034 turns).

Kagalorn the Sneak (Naga Arcane Marksman)           Turns: 2034, Time: 00:06:18

Health: -8/38      AC:  2    Str: 13    XL:     4   Next: 16%
Magic:  5/5        EV: 10    Int: 13    God:
Gold:   20         SH:  2    Dex: 12    Spells: 4/5 levels left

rFire    . . .     SeeInvis +   v - +0 hunting sling
rCold    . . .     Gourm    .   (no shield)
rNeg     . . .     Faith    .   e - +0 robe
rPois    +         Spirit   .   (no helmet)
rElec    .         Reflect  +   (no cloak)
rCorr    .         Harm     .   (no gloves)
MR       .....                  (no barding)
Stlth    ++........             s - +2 amulet of reflection
HPRegen  0.12/turn              (no ring)
MPRegen  0.09/turn              (no ring)

@: very slow
A: large, see invisible, deformed body, poison resistance, slowness 2, slow
metabolism 1, spit poison 1, AC +1
a: Spit Poison


You were on level 2 of the Dungeon.
You were hungry.

You visited 1 branch of the dungeon, and saw 2 of its levels.

You collected 20 gold pieces.

Inventory:

Hand Weapons
 a - a +0 shortbow
 b - a +2 whip of electrocution
 v - a +0 hunting sling (weapon)
 w - a +0 short sword of speed
Missiles
 d - 20 arrows
 g - 45 stones (quivered)
 i - 16 bolts
 l - 13 sling bullets
Armour
 e - a +0 robe (worn)
 q - a +0 plate armour
Jewellery
 s - a +2 amulet of reflection (around neck)
 t - a cursed -5 ring of evasion {unknown}
Scrolls
 c - 4 scrolls of identify {unknown}
 j - 2 scrolls of teleportation {unknown}
 k - a scroll of remove curse {unknown}
 o - a scroll of enchant weapon {unknown}
 r - a scroll of enchant armour {unknown}
 u - a scroll of immolation {unknown}
Potions
 h - 2 potions of heal wounds {unknown}
 m - a potion of might {unknown}
 n - 3 potions of curing {unknown}
Comestibles
 f - 4 rations
 p - 2 chunks of flesh


   Skills:
 - Level 1.0 Fighting
 * Level 3.1 Bows
 - Level 1.5 Dodging
 * Level 3.7 Stealth
 - Level 1.0 Spellcasting
 - Level 3.0 Hexes


You had 4 spell levels left.
You knew the following spells:

 Your Spells              Type           Power        Failure   Level  Hunger
a - Corona                Hex            #......      9%          1    ##.....

Your spell library contained the following spells:

 Spells                   Type           Power        Failure   Level  Hunger
 Slow                     Hex            #.......     12%         2    ###....
 Inner Flame              Hex/Fire       #.......     41%         3    ####...
 Portal Projectile        Hex/Tloc       #.....       41%         3    ####...
 Cause Fear               Hex            #.........   63%         4    #####..
 Leda's Liquefaction      Hex/Erth       #.........   83%         4    #####..


Dungeon Overview and Level Annotations

Branches:
Dungeon (2/15)

Altars:
Cheibriados


Innate Abilities, Weirdness & Mutations

You cannot wear boots.
Your serpentine skin is tough. (AC +1)
You have supernaturally acute eyesight. (SInv)
Armour fits poorly on your strangely shaped body.
Your system is resistant to poisons. (rPois)
You cover ground very slowly.
You have a slow metabolism.
You can spit poison.


Message History

You have got your breath back.
The worm bites you.
* * * LOW HITPOINT WARNING * * *
Firing (i - inventory. (/) - cycle)
g - 48 stones (quivered)
Press: ? - help, Shift-Dir - straight line, f/p - worm
Aim: a worm (severely wounded)
You shoot a stone. The stone hits the worm.
The worm is almost dead.
Firing (i - inventory. (/) - cycle)
g - 47 stones (quivered)
Press: ? - help, Shift-Dir - straight line, f/p - worm
Aim: a worm (almost dead)
You shoot a stone. The stone barely misses the worm.
The worm bites you.
* * * LOW HITPOINT WARNING * * *
Firing (i - inventory. (/) - cycle)
g - 46 stones (quivered)
Press: ? - help, Shift-Dir - straight line, f/p - worm
Aim: a worm (almost dead)
You shoot a stone. The stone hits the worm.
The worm is almost dead.
The worm bites you!
You die...

#...................# #.#
#...................#
#..####....####..........
...# ####.# #.###..#...
##.(# #..# ##...#..#...
##8.(8# #..###....#..#...
#....(. #......_.........
#...>.(##...#....###.....
#w@...#...## #.....
####..###.# #.....
.#####......####.###.
.................###.
####..............รท..
#.....###.........
####....+.........
######.........
#.........


You could see a worm.

Vanquished Creatures
  2 adders (D:2)
  An ooze (D:2)
  3 dart slugs
  A ball python (D:1)
  A giant cockroach (D:2)
  5 hobgoblins
  3 jackals (D:2)
  A quokka (D:2)
  3 bats
  3 frilled lizards
  4 goblins
  7 kobolds
  6 rats
40 creatures vanquished.

Notes
Turn   | Place    | Note
-------+----------+-------------------------------------------
     0 | D:1      | Kagalorn the Naga Arcane Marksman began the quest for the
                  | Orb.
     0 | D:1      | Reached XP level 1. HP: 18/18 MP: 2/2
   155 | D:1      | Reached skill level 1 in Stealth
   338 | D:1      | Reached XP level 2. HP: 25/25 MP: 3/3
  1150 | D:2      | Found a snail-covered altar of Cheibriados.
  1252 | D:2      | Reached XP level 3. HP: 29/31 MP: 4/4
  1638 | D:2      | Reached XP level 4. HP: 38/38 MP: 5/5
  2034 | D:2      | Mangled by a worm

Levels and vault maps discovered:
D:1:      dpeg_arrival_three_same_balls, layout_basic
D:2:      minmay_evil_eye, layout_basic, nicolae_overflow_crystal_walls,
          nrook_loot_triangle, st_stairs_6

Skill      XL: |  1  2  3 |
---------------+----------+-----
Bows           | 2 3 |  3.1
Stealth        | 1 2 3 |  3.7
Fighting       | |  1.0
Dodging        | |  1.5
Spellcasting   | |  1.0
Hexes          | |  3.0

Action                   |  1- 3 |  4- 6 || total
-------------------------+-------+-------++-------
Melee: Unarmed           |    10 |       ||    10
       Short sword       |    33 |    20 ||    53
       Dagger            |     9 |       ||     9
       Whip              |       |     1 ||     1
 Fire: Hunting sling     |       |    23 ||    23
 Abil: Spit Poison       |    28 |     7 ||    35
 Stab: Sleeping          |     2 |       ||     2
  Eat: Chunk             |     2 |     2 ||     4
Armor: Robe              |    12 |     4 ||    16
Dodge: Dodged            |    27 |    21 ||    48
Block: Other             |       |     1 ||     1

Table legend:
 A = Non-vault XP
 B = Vault XP
 C = Vault XP percentage of total XP
 D = Non-vault monster count
 E = Vault monster count
 F = Vault count percentage of total count
                 A         B        C        D         E       F
            +---------+---------+-------+---------+---------+-------
      Total |      93 |       3 |   3.1 |      38 |       2 |   5.0
            +---------+---------+-------+---------+---------+-------
        D:1 |      26 |       0 |   0.0 |      16 |       0 |   0.0
        D:2 |      67 |       3 |   4.3 |      22 |       2 |   8.3
            +---------+---------+-------+---------+---------+-------
